Unix NetHack Version 5.0.0-0 post-release - last build Jun 10 2026 00:39:30 (3ee93aec679c4c4259841fe613dc97188e26a321,branch:main).

Game began 2026-06-11 07:28:14, ended 2026-06-11 07:51:03.

LDaviesPeters, neutral female human Archeologist

                          -----------
                         #..........|                    ----------
                         #|>.........#        ------     |........|
                         #|.........|#        |....|     |.....`..|
        ------------   ###|.........|#        |....|     |<.......|
        |..........-####  -------.---#        |....|     |........|
        |..........| #####       #####        |....-#####.........|
        |........f.|###             ##        ----.-     --.-------
        |.......@f.-#                #            #        ####
        ------------                 #      #######           ###
                   `##               #      [                   ##
                     ##              ########                    ######
                      ##############[#    ####                 -------+--
                                  ########## ##                |........|
                                  #-----.--+--.---             |........|
                                  #+.............|             |.......]|
                                   |.............|             |........|
                                   |.............|             ----------
                                   ---------------

LDaviesPeters the Field Worker  St:11 Dx:9 Co:14 In:14 Wi:18 Ch:9  Neutral
Dlvl:3  $:0  HP:0(35) Pw:20(20) AC:8  Xp:4 T:1926 

Latest messages:
 You kill the grid bug!
 The giant rat bites!
 You miss the giant rat.
 The giant rat bites!
 You lash the giant rat.
 You kill the giant rat!
 You see here a giant rat corpse.
 There is a giant rat corpse here; eat it? [ynq] (n) y
 Blecch!  Rotten food!
 The lichen touches you!
 You miss the lichen.
 You miss the lichen.
 The lichen touches you!
 You kill the lichen!
 Welcome to experience level 4.
 You stop.  Your kitten is in the way!
 You swap places with your kitten.
 The kitten misses the kitten.
 You already found a monster.  Use 'm' prefix to force another search.
 You already found a monster.  Use 'm' prefix to force another search.
 You miss the kitten.
 The kitten bites!
 The kitten misses the kitten.
 The kitten bites!
 The kitten misses the kitten.
 You miss the kitten.
 The kitten bites!
 The kitten misses the kitten.
 The kitten misses the kitten.
 You lash the kitten.
 The kitten bites!
 The kitten misses the kitten.
 You miss the kitten.
 The kitten bites!
 The kitten misses the kitten.
 The kitten misses the kitten.
 You miss the kitten.
 The kitten bites!
 The kitten misses the kitten.
 The kitten bites!
 You miss the kitten.
 The kitten bites!
 The kitten misses the kitten.
 The kitten misses the kitten.
 You miss the kitten.
 The kitten bites!
 The kitten misses the kitten.
 The kitten bites!
 You die...
 Do you want your possessions identified? [ynq] (y) q

Inventory:
 Weapons  (')')
  M - 9 +3 darts
  D - a +0 orcish dagger
  a - a +2 bullwhip (weapon in right hand)
 Armor    ('[')
  c - an uncursed +0 fedora
  m - an uncursed +0 orcish helm (being worn)
  L - a cursed -1 orcish helm
  h - a blessed +0 leather jacket (being worn)
 Comestibles  ('%')
  i - an uncursed cram ration
  d - an uncursed food ration
 Tools    ('(')
  b - an uncursed sack containing 12 items
  f - a tinning kit (0:82)
 Gems/Stones  ('*')
  g - an uncursed touchstone

Contents of the sack:
  67 gold pieces
  an uncursed scroll of charging
  an uncursed scroll of identify
  an uncursed potion of paralysis
  an uncursed potion of fruit juice
  an uncursed potion of invisibility
  an uncursed potion of healing
  a blessed potion of object detection
  an uncursed potion of hallucination
  an uncursed potion of blindness
  an uncursed potion of gain energy
  a +0 pick-axe

LDaviesPeters the Archeologist's attributes:

Background:
 You were a Field Worker, a level 4 female human Archeologist.
 You were neutral, nominally on a mission for Camaxtli
 who was opposed by Quetzalcoatl (lawful) and Huhetotl (chaotic).
 You were right-handed.
 You were in the Dungeons of Doom, on level 3.
 You entered the dungeon 1926 turns ago.
 You had 83 experience points, 77 more were needed to attain level 5.

Basics:
 You had 0 out of 35 hit points.
 You had all 20 energy points (spell power).
 Your armor class was 8.
 Your wallet was empty, but
 you had 67 zorkmids stashed away in your pack.
 Autopickup was off.

Final Characteristics:
 Your strength was 11 (limit:18/100).
 Your dexterity was 9 (limit:18).
 Your constitution was 14 (limit:18).
 Your intelligence was 14 (limit:18).
 Your wisdom was 18 (limit:18).
 Your charisma was 9 (limit:18).

Final Status:
 You weren't hungry.
 You were unencumbered.
 You were wielding a whip.
 You had basic skill with whip.

Final Attributes:
 You were devoutly aligned.
 You had automatic searching.
 You are dead.

Miscellaneous:
 You didn't encounter any bones levels.
 Total elapsed playing time was 22 minutes and 49 seconds.

Major events:
 Turn
    1: LDaviesPeters the neutral female human Archeologist entered the dungeon
  288: entered the Gnomish Mines
 1633: attained the rank of Field Worker (level 3)
 1926: killed by a kitten

You didn't know any spells.

Skills:
 Fighting Skills
   bare handed combat [Unskilled]
   two weapon combat  [Unskilled]
   riding             [Unskilled]
 Weapon Skills
   dagger             [Unskilled]
   knife              [Unskilled]
   pick-axe           [Basic]
   short sword        [Unskilled]
   saber              [Unskilled]
   club               [Unskilled]
   quarterstaff       [Unskilled]
   sling              [Unskilled]
   dart               [Unskilled]
   boomerang          [Unskilled]
   whip               [Basic]
   unicorn horn       [Unskilled]
 Spellcasting Skills
   attack spells      [Unskilled]
   healing spells     [Unskilled]
   divination spells  [Unskilled]
   matter spells      [Unskilled]

Voluntary challenges:
 Character rerolling was not enabled.
 You were an atheist.
 You never genocided any monsters.
 You never polymorphed an object.
 You never changed form.
 You used no wishes.
Achievements:
 You entered the Gnomish Mines.
 You entered a shop.
 You attained the rank of Field Worker.

 The Dungeons of Doom: levels 1 to 3
    Level 1:
    Level 2:
       A fountain.
       Stairs down to The Gnomish Mines.
    Level 3: <- You were here.
       A potion shop.
       Final resting place for
          you, killed by a kitten.
 The Gnomish Mines:
    Level 3:


Vanquished creatures:
  a shrieker
  a coyote
  2 large kobolds
  a giant rat
  a green mold
  2 garter snakes
  2 gnome zombies
  5 jackals
  3 goblins
  a sewer rat
  6 grid bugs
  a bat
  4 lichens
  2 newts
32 creatures vanquished.

No species were genocided or became extinct.

Game over:
                       ----------
                      /          \
                     /    REST    \
                    /      IN      \
                   /     PEACE      \
                  /                  \
                  |  LDaviesPeters   |
                  |      67 Au       |
                  |   killed by a    |
                  |      kitten      |
                  |                  |
                  |                  |
                  |       2026       |
                 *|     *  *  *      | *
        _________)/\\_//(\/(/\)/\//\/|_)_______

Goodbye LDaviesPeters the Archeologist...

You died in The Dungeons of Doom on dungeon level 3 with 493 points,
and 67 pieces of gold, after 1926 moves.
You were level 4 with a maximum of 35 hit points when you died.

